 Dungeon Crawl Stone Soup version 0.30-a0-782-ge64f9170bb (webtiles) character file.

Game seed: 9027570044462740486

128 Zonian the Sneak (level 5, -1/27 HPs)
             Began as a Vine Stalker Brigand on Feb 19, 2023.
             Killed from afar by an orc wizard (3 damage)
             ... with a magic dart
             ... on level 3 of the Dungeon.
             The game lasted 00:03:33 (1718 turns).

Zonian the Sneak (Vine Stalker Brigand)             Turns: 1718, Time: 00:03:34

Health: -1/27      AC:  6    Str: 13    XL:     5   Next: 12%
Magic:  0/6        EV: 12    Int: 14    God:
Gold:   85         SH:  0    Dex: 18    Spells: 4/4 levels left

rFire   . . .      SeeInvis .    r - +2 quarterstaff (drain)
rCold   . . .      Faith    .    (shield currently unavailable)
rNeg    . . .      Spirit   +    v - +2 leather armour of the Everdark {Int+3}
rPois   .          Reflect  .    (no helmet)
rElec   .          Harm     .    c - +0 cloak
rCorr   .          Rampage  .    (no gloves)
Will    .....                    (no boots)
Stlth   +++                      (no amulet)
HPRegen 1.04/turn                (no ring)
MPRegen 0.10/turn                (no ring)

@: no status effects
A: fangs 2, regeneration 1, magic shield, antimagic bite, no potion heal 2
a: no special abilities


You were on level 3 of the Dungeon.
You visited 1 branch of the dungeon, and saw 3 of its levels.

You collected 85 gold pieces.

Inventory:

Hand Weapons
 a - a +2 dagger
 r - a +2 quarterstaff of draining (weapon)
Missiles
 d - 11 poisoned darts (quivered)
 e - 3 curare-tipped darts
 p - 3 boomerangs
Armour
 b - a +0 robe
 c - a +0 cloak (worn)
 n - the +0 robe "Dyas" {Harm Int-5 Stlth+}
   (You found it on level 2 of the Dungeon)

   Int:       It affects your intelligence (-5).
   Harm:      It increases damage dealt and taken.
   Stlth:     It makes you more stealthy.
 v - the +2 leather armour of the Everdark (worn) {Int+3}
   (You found it on level 3 of the Dungeon)

   Int:       It affects your intelligence (+3).
Jewellery
 q - a +4 ring of slaying
 s - a ring of fire
Scrolls
 g - a scroll of poison {unknown}
 h - 6 scrolls of identify {unknown}
 j - a scroll of teleportation {unknown}
 m - a scroll of vulnerability {unknown}
 o - 2 scrolls of immolation {unknown}
 t - a scroll of noise {unknown}
 u - a scroll of magic mapping {unknown}
Potions
 f - a potion of invisibility {unknown}
 i - a potion of attraction {unknown}
 k - a potion of heal wounds {unknown}
 l - a potion of curing {unknown}


   Skills:
 + Level 2.5 Fighting
 - Level 2.1 Short Blades
 + Level 1.1 Staves
 + Level 2.6 Throwing
 + Level 1.8 Dodging
 + Level 5.5 Stealth


You had 4 spell levels left.
You didn't know any spells.
Your spell library contained the following spells:

 Spells                   Type           Power      Damage    Failure   Level
 Animate Dead             Necr           0%         N/A       98%         4
 Borgnjor's Vile Clutch   Necr/Erth      0%         N/A       100%        5
 Death Channel            Necr           0%         N/A       100%        6


Dungeon Overview and Level Annotations

Branches:
Dungeon (3/15)

Altars:
Qazlal


Innate Abilities, Weirdness & Mutations

You have extremely sharp teeth.
Your natural rate of healing is unusually fast.
When hurt, damage is shared between your health and your magic reserves.
Your bite disrupts and absorbs the magic of your enemies.
Potions cannot restore your health.


Message History

* * * LOW HITPOINT WARNING * * *
You miss something.
An endoplasm comes into view.
Something hits you.
* * * LOW HITPOINT WARNING * * *
The hobgoblin shoots a sling bullet.
The sling bullet hits you but does no damage.
You closely miss something. Your bite misses something.
The hobgoblin shoots a sling bullet.
The sling bullet closely misses you. Something hits you but does no damage.
You hit something.
You hear some strange, mumbled words.
A puff of flame appears from out of thin air!
The puff of flame misses you.
The hobgoblin shoots a sling bullet.
The sling bullet hits you.
* * * LOW HITPOINT WARNING * * *
You hit something. You bite something.
An orc wizard appears from thin air!
Reactivating autopickup.
The orc wizard hits you but does no damage.
You closely miss the orc wizard.
The orc wizard is severely wounded.
The orc wizard gestures at you while chanting.
The magic dart hits you.
* * * LOW HITPOINT WARNING * * *
You barely miss the orc wizard.
You bite the orc wizard, but do no damage.
The orc wizard is severely wounded.
The orc wizard hits you but does no damage.
The orc wizard hits you with a +0 dagger.
* * * LOW HITPOINT WARNING * * *
You hit the orc wizard.
The orc wizard is severely wounded.
The orc wizard gestures at you while chanting.
The puff of flame hits you.
* * * LOW HITPOINT WARNING * * *
You hit the orc wizard but do no damage.
The orc wizard is severely wounded.
The orc wizard points at you and mumbles some strange words.
The magic dart hits you.
You die...

#...#.......# #.
...#.#####.### #.
..#.#####.... #.
#.#.......###
#.##.#####.#########
......#........#######
#...#####..<......
#..)# #.######## #@###
#.# # #o# #.# # #g#
#.######## #J#
#.#....... #..
#.######## ..# #.# #
.#. #.# # # # #
####.## .......


You could see an orc wizard (very drained), an endoplasm and a hobgoblin.

Vanquished Creatures
  An orc priest (D:3)
  2 adders
  3 gnolls (D:3)
  3 worms (D:3)
  2 orcs (D:3)
  5 ball pythons
  2 endoplasms
  A giant cockroach (D:2)
  3 hobgoblins
  7 jackals
  2 quokkas (D:2)
  3 bats
  4 frilled lizards
  3 kobolds (D:1)
  A rat (D:2)
42 creatures vanquished.

Notes
Turn   | Place    | Note
-------+----------+-------------------------------------------
     0 | D:1      | Zonian the Vine Stalker Brigand began the quest for the
                  | Orb.
     0 | D:1      | Reached XP level 1. HP: 11/11 MP: 2/2
   228 | D:1      | Found a faded altar of an unknown god.
   289 | D:1      | Reached skill level 1 in Dodging
   289 | D:1      | Reached XP level 2. HP: 15/15 MP: 3/3
   383 | D:1      | Reached skill level 5 in Stealth
   802 | D:2      | Found a stormy altar of Qazlal.
   819 | D:2      | Identified the +0 robe "Dyas" {Harm Int-5 Stlth+}
   885 | D:2      | Reached XP level 3. HP: 3/18 MP: 1/4
  1513 | D:3      | Identified the +2 leather armour of the Everdark {Int+3}
  1598 | D:3      | Gained mutation: Your natural rate of healing is unusually
                  | fast. [Vine Stalker growth]
  1598 | D:3      | Reached XP level 4. HP: 20/23 MP: 5/5
  1705 | D:3      | Reached skill level 1 in Staves
  1705 | D:3      | Reached XP level 5. HP: 11/27 MP: 2/6
  1717 | D:3      | HP: 1/27 [orc wizard/puff of flame (3)]
  1718 | D:3      | Killed from afar by an orc wizard

Illustrated notes

Levels and vault maps discovered:
D:1:      ncdulo_halloftheorcs, layout_loops_ring,
          shapermc_ecumenical_altar_notcrosses, chequers_serial_rivers_large_b
D:2:      layout_rooms, basic_altar
D:3:      layout_loops_ring, serial_co_window_serial, co_window_corner_a,
          co_window_cross_1, co_window_paths_b, co_window_corner_a,
          co_window_corner_a, co_window_of_opportunity_b, co_window_2corner,
          co_window_corner_b, co_window_paths_e, glass_columns_a

Skill      XL: |  1  2  3  4 |
---------------+-------------+-----
Dodging        | 1 |  1.8
Stealth        | 5 |  5.5
Throwing       | 2 |  2.6
Fighting       | 2 |  2.5
Short Blades   | 2 |  2.1
Staves         | 1 |  1.1

Action                     |  1- 3 |  4- 6 || total
---------------------------+-------+-------++-------
  Melee: Dagger            |    52 |       ||    52
         Bite              |    15 |     9 ||    24
         Quarterstaff      |    27 |    40 ||    67
  Throw: Dart              |     5 |       ||     5
   Stab: Sleeping          |     4 |     1 ||     5
 Armour: Robe              |    23 |       ||    23
         Leather armour    |       |    12 ||    12
  Dodge: Dodged            |    45 |    21 ||    66

Table legend: (Time is in decaauts)
 A = Elapsed time spent in this place.
 B = Non-inter-level travel time spent in this place.
 C = Inter-level travel time spent in this place.
 D = Time resting spent in this place.
 E = Time spent auto-exploring this place.
 F = Levels seen in this place.
 G = Mean time per level.
                   A        B        C        D        E       F      G
               +--------+--------+--------+--------+--------+-----+--------+
         Total |   1756 |   1735 |     21 |    266 |   1067 |   3 |  585.3 |
       Dungeon |   1756 |   1735 |     21 |    266 |   1067 |   3 |  585.3 |
               +--------+--------+--------+--------+--------+-----+--------+

Top non-repeatable levels by time:
     D:1: 769 daAuts
     D:2: 723 daAuts
     D:3: 263 daAuts
